 Dungeon Crawl Stone Soup version 0.22-a0-32-ga749362 (webtiles) character file.

5443 Gorglomux the Blocker (level 10, 0/92 HPs)
             Began as a Deep Dwarf Fighter on Jan 3, 2018.
             Was a Follower of Makhleb.
             Slain by a two-headed ogre
             ... wielding a +0 giant club
              (9 damage)
             ... on level 8 of the Dungeon.
             The game lasted 00:05:26 (5162 turns).

Gorglomux the Blocker (Deep Dwarf Fighter)          Turns: 5162, Time: 00:05:27

Health: 0/92       AC: 11    Str: 22    XL:     10   Next: 41%
Magic:  3/3        EV: 14    Int: 10    God:    Makhleb [*.....]
Gold:   362        SH: 11    Dex: 12    Spells: 9/9 levels left

rFire    . . .     SeeInvis .   V - +0 war axe (flame)
rCold    . . .     Gourm    .   c - +0 shield
rNeg     . . .     Faith    .   Q - +0 chain mail {MR+}
rPois    .         Spirit   .   (no helmet)
rElec    .         Reflect  .   (no cloak)
rCorr    .         Harm     .   (no gloves)
MR       +++..                  (no boots)
Stlth    ..........             (no amulet)
HPRegen  0.00/turn              O - +4 ring of evasion
MPRegen  0.08/turn              m - ring of protection from magic

@: non-regenerating
A: damage resistance, heal wounds, sense surroundings 2, no regeneration
a: Heal Wounds, Renounce Religion


You were on level 8 of the Dungeon.
You worshipped Makhleb.
Makhleb was aware of your devotion.
You were not hungry.

You visited 2 branches of the dungeon, and saw 9 of its levels.

You collected 362 gold pieces.

Inventory:

Hand Weapons
 V - a +0 war axe of flaming (weapon)
Missiles
 Z - a throwing net (quivered)
Armour
 c - a +0 shield (worn)
 Q - a +0 chain mail of magic resistance (worn)
Jewellery
 m - a ring of protection from magic (right hand)
 O - a +4 ring of evasion (left hand)
Wands
 D - a wand of digging (12)
 I - a wand of iceblast (9)
 P - a wand of paralysis (18)
Scrolls
 h - 5 scrolls of identify {unknown}
 j - 2 scrolls of remove curse {unknown}
 q - 2 scrolls of enchant weapon {unknown}
 M - a scroll of enchant armour {unknown}
 R - a scroll of fear {unknown}
 U - a scroll of immolation {unknown}
 W - a scroll of amnesia {unknown}
 X - 6 scrolls of blinking {unknown}
 Y - 6 scrolls of teleportation {unknown}
Potions
 d - a potion of might
 i - a potion of ambrosia {unknown}
 k - 3 potions of lignification {unknown}
 l - a potion of invisibility {unknown}
 n - a potion of resistance {unknown}
 o - a potion of berserk rage {unknown}
 p - a potion of curing
 T - a potion of heal wounds
Comestibles
 f - 12 rations
 S - 6 chunks of flesh


   Skills:
 + Level 6.9 Fighting
 + Level 7.8 Axes
 + Level 8.2 Armour
 + Level 7.4 Dodging
 + Level 8.3 Shields
 + Level 2.7 Invocations


You had 9 spell levels left.
You didn't know any spells.

Dungeon Overview and Level Annotations

Branches:
Dungeon (8/15)             Temple (1/1) D:6
   Lair: D:8-11

Altars:
Ashenzari
Cheibriados
Dithmenos
Elyvilon
Fedhas
Gozag
Hepliaklqana
Kikubaaqudgha
Makhleb
Nemelex Xobeh
Okawaru
Qazlal
Ru
Sif Muna
Trog
Uskayaw
Vehumet
Wu Jian
Xom
Yredelemnul
The Shining One

Shops:
D:4 %   D:8 [

Annotations:
D:5 2 runed doors


Innate Abilities, Weirdness & Mutations

You are resistant to damage.
You can heal yourself by infusing magical energy.
You passively map the area around you.
You do not regenerate.


Message History

You burn the two-butt ogre!
The two-headed ogre is heavily wounded!
You butt-ly miss the two-headed ogre!
The two-headed ogre is heavily wounded!
The two-headed ogre hits you with a giant club!!!!!!
You block the two-headed ogre's attack!
Unknown command!
Butt are too injured to fight recklessly!!!
You butt the two-headed ogre like an onion!
You burn the two-headed ogre!
The two-headed ogre is severely wounded!
The two-headed ogre closely misses you! The two-headed ogre barely misses you!
Unknown command!
You are too injured to fight recklessly!!!
You barely miss the two-headed ogre!
The two-headed ogre is severely wounded!
The butt-headed ogre hits you with a butt butt!!!!!! * * * don't die
* * * The two-headed ogre hits you with a giant club!!! rip

.#.# #.# #.###.###.# *
#.# #.#.#.#.#.#.##.#
*,#.#.# #.###.###.#.#
*, #.# .#.#.#.#.##.#
,* #.# ##.###.###.#
#.###.#.#.#.##.# *,
#.#.###.###?#.#
#=###.#.#.##.# , *
#.#.#.###@###.# *
#.###.###O#.##.# *
*,#.#,#.#.#Z# #?#.# ,
#.# #.# #S# ##.# #.#
#.# #.#.# #.# * #?#
#(# #(# #)# #.#
####################.#
.....................#
.......#........######


You could see a two-headed ogre, an adder and a centaur skeleton.

Vanquished Creatures
  2 two-headed ogres
  Pikel (D:6)
  A gargoyle (D:7)
  The ghost of gmonis the Basher, a novice MiBe of Trog (D:5)
  A hippogriff (D:7)
  A hungry ghost (D:7)
  Menkaure (D:6)
  Duvessa (D:6)
  A sky beast (D:6)
  2 ice beasts
  2 orc warriors
  2 phantoms (D:4)
  A slave (D:6)
  3 centaurs
  3 ogres
  3 bullfrogs
  Dowan (D:6)
  A scorpion (D:4)
  4 killer bees
  A wight (D:8)
  2 howler monkeys
  3 orc priests
  3 hounds
  7 orc wizards
  2 iguanas (D:5)
  6 worker ants
  A hound zombie (D:7)
  2 hound skeletons
  14 adders
  A shadow imp (D:5)
  An ooze (D:5)
  2 adder skeletons
  2 worms
  2 dart slugs
  3 leopard geckos
  26 orcs
  2 ball pythons (D:5)
  6 giant cockroaches
  4 goblins
  7 hobgoblins
  7 jackals
  9 kobolds
  4 quokkas
  A ball python skeleton (D:6)
  7 bats
  4 frilled lizards
  A leopard gecko skeleton (D:4)
  7 rats
169 creatures vanquished.

Vanquished Creatures (others)
  A leopard gecko (D:6)
1 creature vanquished.

Grand Total: 170 creatures vanquished

Notes
Turn   | Place    | Note
-------+----------+-------------------------------------------
     0 | D:1      | Gorglomux the Deep Dwarf Fighter began the quest for the Orb.
     0 | D:1      | Reached XP level 1. HP: 20/20 MP: 1/1
   145 | D:1      | Reached XP level 2. HP: 21/27 MP: 2/2
   242 | D:2      | Found a bloodstained altar of Trog.
   245 | D:2      | Found a blossoming altar of Fedhas.
   246 | D:2      | Found a snail-covered altar of Cheibriados.
   265 | D:2      | Reached skill level 1 in Dodging
   345 | D:2      | Reached skill level 3 in Fighting
   345 | D:2      | Reached XP level 3. HP: 34/34 MP: 3/3
   598 | D:3      | Noticed an ogre
   602 | D:3      | Killed an ogre
   602 | D:3      | Reached skill level 3 in Axes
   602 | D:3      | Reached XP level 4. HP: 13/42 MP: 4/4
   602 | D:3      | Reached XP level 5. HP: 15/49 MP: 5/5
   608 | D:3      | Found a glowing drain.
   684 | D:3      | Found a faded altar of an unknown god.
   935 | D:3      | Found an opulent altar of Gozag.
  1334 | D:4      | Reached XP level 6. HP: 50/57 MP: 6/6
  1590 | D:4      | Reached skill level 3 in Dodging
  1657 | D:4      | Found Boidafoy's Food Shoppe.
  1672 | D:4      | Found a basalt altar of Yredelemnul.
  1706 | D:4      | Reached XP level 7. HP: 25/64 MP: 7/7
  2127 | D:5      | Entered Level 5 of the Dungeon
  2288 | D:5      | Noticed gmonis's ghost (novice MiBe)
  2343 | D:5      | Killed gmonis's ghost
  2343 | D:5      | Reached XP level 8. HP: 26/73 MP: 7/7
  2672 | D:5      | Reached skill level 6 in Armour
  2672 | D:5      | Reached skill level 6 in Shields
  2870 | D:5      | Found a runed door.
  2882 | D:5      | Found a runed door.
  3179 | D:6      | Noticed Menkaure
  3185 | D:6      | Killed Menkaure
  3207 | D:6      | Found a staircase to the Ecumenical Temple.
  3230 | D:6      | Noticed Duvessa
  3230 | D:6      | Noticed Dowan
  3243 | D:6      | Killed Duvessa
  3244 | D:6      | Killed Dowan
  3282 | Temple   | Entered the Ecumenical Temple
  3344 | Temple   | Became a worshipper of Makhleb the Destroyer
  3429 | D:6      | Reached skill level 6 in Axes
  3429 | D:6      | Gained mutation: You passively map the area around you. [Deep Dwarf growth]
  3429 | D:6      | Reached XP level 9. HP: 13/81 MP: 4/4
  3555 | D:6      | Found a shimmering altar of Xom.
  3648 | D:6      | Noticed Pikel
  3667 | D:6      | Killed Pikel
  3926 | D:7      | Reached skill level 6 in Fighting
  3926 | D:7      | Reached skill level 6 in Dodging
  3972 | D:7      | Noticed a gargoyle
  3985 | D:7      | Killed a gargoyle
  4097 | D:7      | Noticed a two-headed ogre
  4124 | D:7      | Killed a two-headed ogre
  4124 | D:7      | Reached XP level 10. HP: 64/92 MP: 2/2
  4376 | D:7      | Reached * piety under Makhleb
  4377 | D:7      | Reached skill level 1 in Invocations
  4389 | D:7      | Found a shattered altar of Ashenzari.
  4535 | D:7      | Found a deep blue altar of Sif Muna.
  4806 | D:8      | Noticed a two-headed ogre
  4825 | D:8      | Killed a two-headed ogre
  4890 | D:8      | Found Aryw's Armour Shoppe.
  5152 | D:8      | Noticed a two-headed ogre
  5162 | D:8      | Slain by a two-headed ogre

Vault maps used:
D:1:      dpeg_arrival_rooms_b, minmay_cut_off
D:2:      grunt_temple_overflow_open, uniq_sigmund
D:3:      lemuel_doored_altar, portal_sewer_entry_b,
          chequers_ecumenical_altar_simple, minivault_24, minmay_box_of_dots
D:4:      nicolae_overflow_crystal_walls, first_ration, serial_shops, shop
D:5:      lemuel_insect_pit, st_stairs_10
D:6:      lemuel_crystal_altar, temple_pool_b, uniq_pikel, uniq_duvessa,
          uniq_menkaure
D:7:      kennysheep_orc_sif_temple, kennysheep_mini_moat
D:8:      minmay_imperfect_grid, zin_scriptorium, serial_shops, shop
Temple:   zaba_magenta_temple

Skill      XL: |  1  2  3  4  5  6  7  8  9 10 |
---------------+-------------------------------+-----
Dodging        | 1 2 3 4 5 6 7 |  7.4
Fighting       | 3 4 5 6 |  6.9
Axes           | 3 4 5 6 7 |  7.8
Armour         | 4 5 6 7 8 |  8.2
Shields        | 4 5 6 7 8 |  8.3
Invocations    | 2 |  2.7

Action                   |  1- 3 |  4- 6 |  7- 9 | 10-12 || total
-------------------------+-------+-------+-------+-------++-------
Melee: War axe           |   114 |   197 |   354 |   141 ||   806
 Abil: Heal Wounds       |     1 |     4 |    25 |     7 ||    37
  Eat: Chunk             |       |     3 |     8 |     3 ||    14
       Ration            |       |       |     1 |       ||     1
Armor: Scale mail        |    52 |   105 |    56 |       ||   213
       Chain mail        |       |       |    37 |    46 ||    83
Dodge: Dodged            |    43 |    81 |   169 |    51 ||   344
Block: Shield            |    66 |   121 |   233 |    99 ||   519

Table legend:
 A = Spawn XP
 B = Non-spawn XP
 C = Spawn XP percentage of total XP
 D = Spawn monster count
 E = Non-spawn monster count
 F = Spawn count percentage of total count
 G = Total turns spent on level
                    A         B        C        D         E        F      G
               +---------+---------+-------+---------+---------+-------+---------
         Total |       0 |    7777 |   0.0 |       0 |     168 |   0.0 |  5162
               +---------+---------+-------+---------+---------+-------+---------
           D:1 |       0 |      18 |   0.0 |       0 |      11 |   0.0 |   225
           D:2 |       0 |      66 |   0.0 |       0 |      24 |   0.0 |   373
           D:3 |       0 |     257 |   0.0 |       0 |      26 |   0.0 |   691
           D:4 |       0 |     562 |   0.0 |       0 |      17 |   0.0 |   838
           D:5 |       0 |    1242 |   0.0 |       0 |      34 |   0.0 |  1001
           D:6 |       0 |    1504 |   0.0 |       0 |      24 |   0.0 |   705
           D:7 |       0 |    2647 |   0.0 |       0 |      16 |   0.0 |   866
           D:8 |       0 |    1481 |   0.0 |       0 |      16 |   0.0 |   385
               +---------+---------+-------+---------+---------+-------+---------
